 Dungeon Crawl Stone Soup version 0.30-a0-1123-gabc949cf19 (webtiles) character file.

Game seed: 7936859671907176469

1171 voltaire321 the Conjurer (level 8, -11/69 HPs)
             Began as a Deep Elf Conjurer on Apr 22, 2023.
             Was a Follower of Vehumet.
             Mangled by a yak (12 damage)
             ... on level 5 of the Dungeon.
             The game lasted 00:12:19 (4853 turns).

voltaire321 the Conjurer (Deep Elf Conjurer)        Turns: 4853, Time: 00:12:19

Health: -11/69     AC: 24    Str:  6    XL:     8   Next: 18%
Magic:  5/19       EV:  2    Int: 24    God:    Vehumet [*.....]
Gold:   204        SH:  0    Dex: 13    Spells: 12/19 levels left

rFire   . . .        b - +0 dagger (venom)
rCold   . . .        (no shield)
rNeg    . . .        a - melded +0 robe
rPois   +            (helmet currently unavailable)
rElec   .            (cloak currently unavailable)
rCorr   .            (gloves currently unavailable)
SInv    .            g - melded +0 pair of boots
Will    .....        (no amulet)
Stlth   ++           s - ring of poison resistance
HPRegen 0.31/turn    (no ring)
MPRegen 0.16/turn

%: no passive effects
@: tree-form
A: stationary, stasis, torment immunity, boosted hp
a: Renounce Religion


You were on level 5 of the Dungeon.
You worshipped Vehumet.
Vehumet was aware of your devotion.
You were a tree.
You visited 1 branch of the dungeon, and saw 5 of its levels.

You collected 204 gold pieces.

Inventory:

Hand Weapons
 b - a +0 dagger of venom (weapon)
Missiles
 o - a throwing net
Armour
 a - a +0 robe (melded)
 g - a +0 pair of boots (melded)
Jewellery
 s - a ring of poison resistance (left branch)
Scrolls
 d - 2 scrolls of magic mapping {unknown}
 f - a scroll of teleportation {unknown}
 j - 3 scrolls of identify {unknown}
 l - a scroll of vulnerability {unknown}
 n - 2 scrolls of enchant armour {unknown}
 q - a scroll of fear {unknown}
 r - a scroll of immolation {unknown}
Potions
 c - 2 potions of lignification
 e - a potion of ambrosia {unknown}
 h - 2 potions of attraction {unknown}
 i - a potion of cancellation {unknown}
 k - a potion of curing {unknown}
 m - a potion of haste {unknown}
 p - a potion of heal wounds {unknown}


   Skills:
 + Level 3.2 Fighting
 + Level 3.1 Armour
 + Level 5.3 Dodging
 - Level 2.4 Stealth
 + Level 6.0 Spellcasting
 + Level 6.3 Conjurations
 + Level 3.2 Translocations


You had 12 spell levels left.
You knew the following spells:

 Your Spells              Type           Power      Damage    Failure   Level
a - Magic Dart            Conj           100%       1d8       1%          1
b - Searing Ray           Conj           74%        2d7       1%          2
c - Iskenderun's Mystic   Conj/Tloc      30%        2d8       11%         4

Your spell library contained the following spells:

 Spells                   Type           Power      Damage    Failure   Level
 Freeze                   Ice            28%        1d5       8%          1
 Dazzling Flash           Conj/Hex       44%        N/A       6%          3
 Fulminant Prism          Conj/Hex       11%        3d9       22%         4


Dungeon Overview and Level Annotations

Branches:
Dungeon (5/15)
 Temple: D:4-7

Altars:
Hepliaklqana
Vehumet

Shops:
D:5 *

Annotations:
D:4 3 runed translucent doors, bande's ghost, amateur GrFi


Message History

Press: ? - help, Shift-Dir - straight line, f/p - yak
Aim: a yak (severely wounded, 88% to hit)
The searing ray hits the yak but does no damage.
The yak is severely wounded.
The searing ray hits the yak.
The yak is lightly wounded. (Press . to maintain the ray.)
The yak gores you!
The searing ray hits the yak!
The yak is almost dead.
The searing ray hits the yak.
The yak is moderately wounded.
The searing ray hits the yak!
The yak is lightly wounded.
The yak gores you but does no damage.
The searing ray hits the yak.
You kill the yak!
Vehumet accepts your kill.
The searing ray hits the yak!
The yak is heavily wounded.
The searing ray hits the yak.
The yak is moderately wounded.
The searing ray hits the yak!
The yak is moderately wounded.
Your Armour skill increases to level 3!
Your Spellcasting skill increases to level 6!
The searing ray hits the yak.
The yak is severely wounded.
The searing ray hits the yak.
The yak is heavily wounded.
The searing ray hits the yak.
The yak is moderately wounded.
You finish channelling your searing ray.
The yak gores you!
* * * LOW HITPOINT WARNING * * *
It was a potion of lignification.
You turn into a tree.
Your +0 pair of boots melds into your body.
Your +0 robe melds into your body.
Your roots penetrate the ground.
The yak gores you!
You die...

##.##.#.......#####..#.#
#.................#..#.#
#####.#.##.##[###.#.....
#...............Y..#
###.##.######.##.#.#
#Y##.# #.##Y# # #Y##.#
#....# #Y##.# #.####
#♣#### #Y# #.# #.#
#.#########.####.#
#.......<.Y.......
###########.####.# ###


You could see 3 yaks.

Vanquished Creatures
  3 yaks (D:5)
  An ogre (D:4)
  2 phantoms (D:4)
  A scorpion (D:5)
  A jelly (D:4)
  3 iguanas (D:4)
  3 orc wizards (D:3)
  10 gnolls
  8 adders
  A shadow imp (D:3)
  2 ufetubi (D:4)
  A worm (D:3)
  2 dart slugs (D:1)
  3 orcs (D:3)
  5 ball pythons
  5 bats
  8 endoplasms
  4 giant cockroaches
  9 hobgoblins
  6 jackals
  2 quokkas
  2 frilled lizards (D:1)
  8 goblins
  4 kobolds
  3 rats
97 creatures vanquished.

Notes
Turn   | Place    | Note
-------+----------+-------------------------------------------
     0 | D:1      | voltaire321 the Deep Elf Conjurer began the quest for the
                  | Orb.
     0 | D:1      | Reached XP level 1. HP: 10/10 MP: 6/6
   181 | D:1      | Reached XP level 2. HP: 13/15 MP: 4/8
   761 | D:1      | Learned a level 2 spell: Searing Ray
  1043 | D:1      | Reached XP level 3. HP: 20/20 MP: 6/10
  1078 | D:2      | Reached skill level 1 in Fighting
  1125 | D:2      | Reached skill level 1 in Armour
  1413 | D:2      | Reached XP level 4. HP: 25/25 MP: 6/11
  1608 | D:2      | Found a hazy altar of Hepliaklqana.
  2139 | D:3      | Reached skill level 5 in Conjurations
  2139 | D:3      | Reached XP level 5. HP: 20/29 MP: 7/13
  2337 | D:3      | Learned a level 4 spell: Iskenderun's Mystic Blast
  3037 | D:4      | Found a radiant altar of Vehumet.
  3038 | D:4      | Noticed an ogre
  3044 | D:4      | Killed an ogre
  3045 | D:4      | Reached skill level 1 in Translocations
  3045 | D:4      | Reached XP level 6. HP: 35/35 MP: 7/15
  3136 | D:4      | Became a worshipper of Vehumet
  3196 | D:4      | HP: 1/35 [iguana (7)]
  3198 | D:4      | Reached skill level 5 in Spellcasting
  3510 | D:4      | Reached XP level 7. HP: 40/40 MP: 13/16
  3625 | D:4      | Found a runed translucent gate.
  3646 | D:4      | Found a runed translucent gate.
  4122 | D:4      | Found a runed translucent gate.
  4125 | D:4      | Noticed bande's ghost (amateur GrFi)
  4399 | D:5      | Entered Level 5 of the Dungeon
  4414 | D:5      | Noticed a yak
  4414 | D:5      | Noticed a yak
  4578 | D:5      | Noticed a yak
  4581 | D:5      | Noticed a yak
  4602 | D:5      | Killed a yak
  4602 | D:5      | Reached * piety under Vehumet
  4602 | D:5      | Offered knowledge of Freeze by Vehumet.
  4602 | D:5      | Killed a yak
  4603 | D:5      | Reached skill level 5 in Dodging
  4682 | D:5      | Found Gysher's Assorted Antiques.
  4701 | D:5      | Reached XP level 8. HP: 46/46 MP: 12/18
  4852 | D:5      | HP: 1/46 [yak (14)]
  4853 | D:5      | Mangled by a yak

Illustrated notes

Levels and vault maps discovered:
D:1:      minmay_arrival_split_and_join, layout_loops_ring
D:2:      layout_loops_ring, basic_altar
D:3:      layout_loops_ring
D:4:      layout_loops_cross, lemuel_round_altar, ebering_ghost_rock_garden,
          minmay_goblin_outpost
D:5:      layout_basic, lemuel_coloured_pillars_altar, serial_shops, shop,
          uniq_sigmund, uniq_blork_the_orc, uniq_duvessa

Skill      XL: |  1  2  3  4  5  6  7  8 |
---------------+-------------------------+-----
Fighting       | 1 2 3 |  3.2
Dodging        | 3 4 5 |  5.3
Armour         | 1 2 3 |  3.1
Spellcasting   | 4 5 6 |  6.0
Conjurations   | 5 6 |  6.3
Translocations | 1 2 3 |  3.2
Stealth        | |  2.4

Action                     |  1- 3 |  4- 6 |  7- 9 || total
---------------------------+-------+-------+-------++-------
  Melee: Short sword       |     1 |    11 |       ||    12
         Dagger            |       |       |     5 ||     5
   Cast: Magic Dart        |    61 |    61 |    24 ||   146
         Searing Ray       |     3 |    19 |    15 ||    37
    Use: Potion            |       |     1 |     1 ||     2
   Stab: Sleeping          |     1 |       |       ||     1
 Armour: Robe              |       |     3 |     1 ||     4
  Dodge: Dodged            |    10 |    18 |    25 ||    53

Table legend: (Time is in decaauts)
 A = Elapsed time spent in this place.
 B = Non-inter-level travel time spent in this place.
 C = Inter-level travel time spent in this place.
 D = Time resting spent in this place.
 E = Time spent auto-exploring this place.
 F = Levels seen in this place.
 G = Mean time per level.
                   A        B        C        D        E       F      G
               +--------+--------+--------+--------+--------+-----+--------+
         Total |   4852 |   4759 |     93 |   1330 |   2569 |   5 |  970.4 |
       Dungeon |   4852 |   4759 |     93 |   1330 |   2569 |   5 |  970.4 |
               +--------+--------+--------+--------+--------+-----+--------+

Top non-repeatable levels by time:
     D:4: 1471 daAuts
     D:3: 1191 daAuts
     D:1: 1073 daAuts
     D:2: 754 daAuts
     D:5: 362 daAuts
